 Dungeon Crawl Stone Soup version 0.27.0-1-g7a089689b8 (webtiles) character file.

Game seed: 16696630615338265486

184 Strat the Skirmisher (level 5, -2/50 HPs)
             Began as a Hill Orc Enchanter on Aug 5, 2021.
             Was an Initiate of Beogh.
             Slain by a sky beast (5 damage)
             ... on level 5 of the Dungeon.
             The game lasted 00:12:08 (6794 turns).

Strat the Skirmisher (Hill Orc Enchanter)           Turns: 6794, Time: 00:12:09

Health: -2/50      AC:  5    Str: 12    XL:     5   Next: 64%
Magic:  7/7        EV: 10    Int: 21    God:    Beogh [......]
Gold:   220        SH:  0    Dex: 11    Spells: 4/7 levels left

rFire    . . .     SeeInvis .   r - +2 whip (flame)
rCold    . . .     Faith    .   (no shield)
rNeg     + . .     Spirit   .   h - +0 ring mail
rPois    .         Reflect  .   (no helmet)
rElec    .         Harm     .   (no cloak)
rCorr    .         Rampage  .   (no gloves)
Will     .....                  (no boots)
Stlth    +.........             (no amulet)
HPRegen  0.16/turn              k - ring of positive energy
MPRegen  0.10/turn              d - +6 ring of intelligence

@: no status effects
A: no striking features
a: Renounce Religion


You were on level 5 of the Dungeon.
You worshipped Beogh.
Beogh was noncommittal.
You visited 1 branch of the dungeon, and saw 5 of its levels.

You collected 220 gold pieces.

Inventory:

Hand Weapons
 a - a +2 short sword of speed
 j - a +0 short sword
 l - a +1 dagger
 o - a +0 morningstar
 p - a +0 hand axe
 r - a +2 whip of flaming (weapon)
Missiles
 g - 22 poisoned darts
 i - 46 stones
 m - 22 sling bullets
Armour
 b - a +0 robe
 e - a +0 scale mail
 h - a +0 ring mail (worn)
 n - a +0 leather armour
Jewellery
 d - a +6 ring of intelligence (right hand)
 k - a ring of positive energy (left hand)
Wands
 c - a wand of flame (11)
Potions
 f - a potion of berserk rage {unknown}
 q - a potion of resistance {unknown}


   Skills:
 + Level 5.7 Fighting
 - Level 1.0 Short Blades
 + Level 2.0 Armour
 - Level 1.5 Dodging
 - Level 2.4 Stealth
 - Level 1.5 Spellcasting
 - Level 3.0 Hexes


You had 4 spell levels left.
You knew the following spells:

 Your Spells              Type           Power      Damage    Failure   Level
a - Corona                Hex            15%        N/A       10%         1
b - Ensorcelled Hibernat  Hex/Ice        14%        N/A       28%         2

Your spell library contained the following spells:

 Spells                   Type           Power      Damage    Failure   Level
 Confusing Touch          Hex            14%        N/A       30%         3
 Tukima's Dance           Hex            14%        N/A       30%         3
 Animate Skeleton         Necr           2%         N/A       34%         1
 Apportation              Tloc           2%         N/A       34%         1
 Summon Small Mammal      Summ           4%         N/A       34%         1
 Dazzling Flash           Conj/Hex       14%        N/A       50%         3
 Summon Guardian Golem    Hex/Summ       7%         N/A       50%         3
 Call Canine Familiar     Summ           1%         N/A       71%         3


Dungeon Overview and Level Annotations

Branches:
Dungeon (5/15)
 Temple: D:4-7

Altars:

Shops:
D:4 *[

Annotations:
D:2 Terence


Message History

The sky beast closely misses you.
You hit the sky beast. You burn the sky beast.
The sky beast is moderately wounded.
The sky beast hits you. The sky beast shocks you.
The sky beast flickers out of sight!
Deactivating autopickup; reactivate with Ctrl-A.
Something hits you. Something shocks you.
* * * LOW HITPOINT WARNING * * *
You miss something. Something hits you.
* * * LOW HITPOINT WARNING * * *
Something shocks you.
* * * LOW HITPOINT WARNING * * *
You miss something. Something hits you but does no damage.
You closely miss something.
A sky beast appears from thin air!
Reactivating autopickup.
The sky beast hits you.
* * * LOW HITPOINT WARNING * * *
The sky beast shocks you.
* * * LOW HITPOINT WARNING * * *
You hit the sky beast. You burn the sky beast.
The sky beast is moderately wounded.
The sky beast flickers out of sight!
Deactivating autopickup; reactivate with Ctrl-A.
Something hits you.
* * * LOW HITPOINT WARNING * * *
Something shocks you.
* * * LOW HITPOINT WARNING * * *
You hit something. You burn something. Something hits you but does no damage.
You barely miss something. Something hits you but does no damage.
You hit something. You burn something. Something hits you.
* * * LOW HITPOINT WARNING * * *
Something shocks you.
* * * LOW HITPOINT WARNING * * *
You miss something. Something hits you but does no damage.
You hit something. You burn something. Something hits you but does no damage.
You barely miss something. Something hits you but does no damage.
Something hits you.
* * * LOW HITPOINT WARNING * * *
Something shocks you.
You die...

############
#...........
##..........
#..)....##
#....@..#
#....{.....#
#.####?.#..#
#. .......
#. .......
## #.....#
.....#
######


There were no monsters in sight!

Vanquished Creatures
  Ijyb (D:4)
  A hound skeleton (D:4)
  2 gnolls
  4 adders
  2 worms
  2 dart slugs (D:1)
  8 orcs
  4 endoplasms
  3 giant cockroaches
  3 goblins
  10 hobgoblins
  2 jackals (D:1)
  6 kobolds
  5 quokkas (D:2)
  6 ball pythons
  2 bats (D:1)
  5 frilled lizards
  6 rats
72 creatures vanquished.

Vanquished Creatures (others)
  An orc priest (D:3)
  2 worms (D:3)
  3 orcs (D:3)
  A hobgoblin (D:3)
  A kobold (D:3)
8 creatures vanquished.

Grand Total: 80 creatures vanquished

Notes
Turn   | Place    | Note
-------+----------+-------------------------------------------
     0 | D:1      | Strat the Hill Orc Enchanter began the quest for the Orb.
     0 | D:1      | Reached XP level 1. HP: 14/14 MP: 3/3
   112 | D:1      | Reached skill level 1 in Fighting
   553 | D:1      | Reached XP level 2. HP: 22/24 MP: 0/4
   595 | D:1      | Learned a level 2 spell: Ensorcelled Hibernation
   606 | D:1      | Found a faded altar of an unknown god.
   608 | D:1      | Reached skill level 2 in Fighting
   822 | D:1      | Reached skill level 3 in Fighting
  1064 | D:1      | Reached XP level 3. HP: 27/31 MP: 5/5
  1220 | D:2      | Noticed Terence
  2483 | D:2      | Reached skill level 4 in Fighting
  3056 | D:3      | Found a glowing drain.
  3068 | D:3      | Became a worshipper of Beogh the Brigand
  3244 | D:3      | Reached XP level 4. HP: 30/40 MP: 2/6
  4158 | D:4      | Noticed a black bear
  4232 | D:4      | Found Ezuarumu's Armour Emporium.
  4411 | D:4      | Found Goyn's General Store.
  4815 | D:4      | Reached skill level 5 in Fighting
  5003 | D:4      | Noticed a scorpion
  5255 | D:4      | Noticed an orc warrior
  5429 | D:2      | Reached XP level 5. HP: 21/48 MP: 2/7
  5670 | D:3      | Reached skill level 1 in Armour
  6030 | D:4      | Noticed Ijyb
  6133 | D:4      | Killed Ijyb
  6598 | D:5      | Entered Level 5 of the Dungeon
  6774 | D:5      | Noticed a sky beast
  6794 | D:5      | Slain by a sky beast

Illustrated notes

Levels and vault maps discovered:
D:1:      nzn_arrival_settlement, layout_basic, ebering_ecumenical_altar_box
D:2:      layout_loops_ring, chequers_jeans, uniq_terence
D:3:      layout_basic, cheibrodos_sewer_entry_drain, serial_park_tiny_pond,
          chequers_serial_rivers_micro_b
D:4:      minmay_general_purpose_star, layout_basic, nicolae_stop_n_shop_1,
          hangedman_decor_growths, nicolae_take_the_stairs, kennysheep_dice,
          uniq_ijyb
D:5:      layout_loops_cross, marbit_many_paths,
          nicolae_qazlal_eye_of_the_storm, chequers_temple_overflow_minitemple,
          serial_shops, kennysheep_mini, uniq_sigmund

Skill      XL: |  1  2  3  4  5 |
---------------+----------------+-----
Fighting       | 1 3 4 5 |  5.7
Armour         | 2 |  2.0
Short Blades   | |  1.0
Dodging        | |  1.5
Stealth        | |  2.4
Spellcasting   | |  1.5
Hexes          | |  3.0

Action                   |  1- 3 |  4- 6 || total
-------------------------+-------+-------++-------
Melee: Dagger            |   174 |     7 ||   181
       Short sword       |       |   159 ||   159
       Whip              |       |    12 ||    12
 Cast: Corona            |    10 |     3 ||    13
       Ensorcelled Hiber |     8 |     7 ||    15
Invok: Convert to Beogh  |     1 |       ||     1
Evoke: Wand              |       |     2 ||     2
  Use: Scroll            |       |     3 ||     3
       Potion            |       |     2 ||     2
 Stab: Sleeping          |    12 |     4 ||    16
       Invisible         |       |     3 ||     3
Armor: Robe              |    12 |     2 ||    14
       Leather armour    |       |    18 ||    18
       Ring mail         |       |    10 ||    10
Dodge: Dodged            |    93 |    82 ||   175
